 Dungeon Crawl Stone Soup version 0.24.0-125-gc4c63601f3 (webtiles) character file.

Game seed: 9801635278196589275, levelgen mode: deterministic

5966 Peloso the Blocker (level 10, -8/132 HPs)
             Began as a Minotaur Fighter on Mar 16, 2020.
             Was a Believer of Okawaru.
             Killed from afar by a wretched star (24 damage)
             ... with an orb of energy
             ... on level 1 of the Abyss.
             The game lasted 00:16:11 (8944 turns).

Peloso the Blocker (Minotaur Fighter)               Turns: 8944, Time: 00:16:11

Health: -8/132     AC: 15    Str: 28    XL:     10   Next: 55%
Magic:  9/9        EV:  9    Int:  5    God:    Okawaru [**....]
Gold:   457        SH: 18    Dex: 15    Spells: 9/9 levels left

rFire    . . .     SeeInvis .   a - +0 long sword
rCold    . . .     Gourm    .   c - +0 shield
rNeg     . . .     Faith    .   L - +0 plate armour
rPois    .         Spirit   .   (helmet restricted)
rElec    .         Reflect  +   w - +0 cloak
rCorr    .         Harm     .   (no gloves)
MR       .....                  (no boots)
Stlth    ..........             g - +5 amulet of reflection
HPRegen  0.32/turn              E - +4 ring of dexterity
MPRegen  0.11/turn              (no ring)

@: berserking, very quick
A: retaliatory headbutt, horns 2, [blurry vision 3]
a: Heroism, Renounce Religion


You were on level 1 of the Abyss.
You worshipped Okawaru.
Okawaru was pleased with you.
You were not hungry.

You visited 2 branches of the dungeon, and saw 10 of its levels.
You visited the Abyss 1 time.

You collected 457 gold pieces.

Inventory:

Hand Weapons
 a - a +0 long sword (weapon)
 y - a +1 whip of flaming
Armour
 b - a +0 scale mail
 c - a +0 shield (worn)
 o - a +0 chain mail
 w - a +0 cloak (worn)
 L - a +0 plate armour (worn)
Jewellery
 g - a +5 amulet of reflection (around neck)
 z - an uncursed amulet of magic regeneration
 D - an uncursed amulet of regeneration
 E - a +4 ring of dexterity (left hand)
 K - a +3 ring of evasion {unknown}
 N - an uncursed ring of positive energy {unknown}
Wands
 m - a wand of scattershot (12)
 r - a wand of iceblast (18)
 C - a wand of enslavement (5)
 F - a wand of flame (24)
 H - a wand of paralysis (4)
 I - a wand of digging (5)
 M - a wand of polymorph (8)
Scrolls
 e - a scroll of immolation {unknown}
 h - 6 scrolls of teleportation {unknown}
 i - 2 scrolls of fog {unknown}
 j - 6 scrolls of identify {unknown}
 l - 4 scrolls of remove curse {unknown}
 n - a scroll of blinking {unknown}
 t - a scroll of enchant armour {unknown}
 v - 2 scrolls of fear {unknown}
 x - a scroll of magic mapping {unknown}
Potions
 d - 2 potions of might
 p - 2 potions of curing
 q - a potion of ambrosia
 s - a potion of haste {unknown}
 u - a potion of brilliance {unknown}
 A - a potion of heal wounds {unknown}
 B - a potion of agility
 G - a potion of mutation {unknown}
 J - a potion of lignification {unknown}
 P - a potion of flight {unknown}
Comestibles
 f - 18 rations


   Skills:
 + Level 7.8 Fighting
 + Level 10.7 Long Blades
 + Level 8.1 Armour
 + Level 3.4 Dodging
 + Level 1.1 Stealth
 + Level 11.9 Shields


You had 9 spell levels left.
You didn't know any spells.
Your spell library contained the following spells:

 Spells                   Type           Power        Failure   Level  Hunger
 Animate Skeleton         Necr           N/A          100%        1    ##.....
 Magic Dart               Conj           #...         100%        1    ##.....
 Pain                     Necr           #...         100%        1    ##.....
 Blink                    Tloc           N/A          100%        2    ###....
 Call Imp                 Summ           #.......     100%        2    ###....
 Slow                     Hex            #.......     100%        2    ###....
 Conjure Flame            Conj/Fire      #.......     100%        3    ####...
 Mephitic Cloud           Conj/Pois/Air  #.......     100%        3    ####...
 Regeneration             Chrm/Necr      #.........   100%        3    ####...
 Vampiric Draining        Necr           #.........   100%        3    ####...
 Animate Dead             Necr           N/A          100%        4    #####..


Dungeon Overview and Level Annotations

Branches:
Dungeon (9/15)             Temple (1/1) D:4            Lair (0/6) D:9
    Orc: D:9-12

Altars:
Ashenzari
Cheibriados
Dithmenos
Elyvilon
Fedhas
Gozag
Hepliaklqana
Kikubaaqudgha
Makhleb
Nemelex Xobeh
Okawaru
Qazlal
Ru
Sif Muna
Trog
Uskayaw
Vehumet
Wu Jian
Xom
Yredelemnul
Zin
The Shining One

Annotations:
D:9 Psyche


Innate Abilities, Weirdness & Mutations

You reflexively headbutt those who attack you in melee.
You have a pair of horns on your head.
[Scrolls take you much longer to read.]


Message History

The orb of energy explodes!
Unknown command.
You hit the wretched star but do no damage.
You headbutt the wretched star, but do no damage.
The wretched star is lightly damaged.
A large abomination comes into view.
Unknown command.
You closely miss the wretched star.
The wretched star is lightly damaged.
The wretched star pulses with an eldritch light!
Your vision blurs.
You slash the wretched star!
The wretched star is lightly damaged.
Unknown command.
Unknown command.
A red film seems to cover your vision as you go berserk!
You feel yourself moving faster!
You feel mighty!
The wretched star glows turbulently.
The orb of energy hits you!!
You die...

#..........#. ..
..#
..........#........
#.............
....# #..........
....... ..........
######. .......
..## ##.###.. #.#
#.......##.###
.......#@....#
#......*...#.#
.............
...........#..#
#........... ..#
#.........X.. .#
######...#..#. .
...##.....


You could see a wretched star and a large abomination.

Vanquished Creatures
  Pikel (D:5)
  Joseph (D:7)
  2 hippogriffs
  A yak (D:9)
  Eustachio (D:6)
  Edmund (D:5)
  4 porcupines (D:9)
  2 black bears
  3 orc warriors
  4 slaves (D:5)
  A phantom (D:5)
  3 ogres
  2 centaurs
  A crocodile (D:9)
  Blork the orc (D:4)
  5 bullfrogs
  A big kobold (D:8)
  A gnoll sergeant (D:7)
  A wyvern zombie (D:8)
  6 scorpions
  5 killer bees (D:7)
  2 howler monkeys (D:9)
  6 crimson imps
  A quasit (D:7)
  2 bullfrog zombies (D:8)
  2 jellies
  4 hounds
  4 orc priests
  2 centaur skeletons
  Ijyb (D:3)
  6 iguanas
  14 orc wizards
  5 worker ants
  2 hound zombies
  A hound skeleton (D:7)
  A howler monkey zombie (D:6)
  A worker ant zombie (D:3)
  4 gnolls (D:7)
  2 adders
  3 shadow imps
  An adder zombie (D:7)
  2 worms
  An adder skeleton (D:8)
  A dart slug (D:1)
  5 leopard geckos
  40 orcs
  7 giant cockroaches
  4 goblins
  5 hobgoblins
  11 jackals
  12 kobolds
  5 quokkas
  4 bats
  8 frilled lizards
  A leopard gecko zombie (D:7)
  A quokka zombie (D:5)
  10 rats
228 creatures vanquished.

Vanquished Creatures (others)
  An orc wizard (D:8)
  22 fungi (D:9)
  5 plants (D:9)
28 creatures vanquished.

Grand Total: 256 creatures vanquished

Notes
Turn   | Place    | Note
-------+----------+-------------------------------------------
     0 | D:1      | Peloso the Minotaur Fighter began the quest for the Orb.
     0 | D:1      | Reached XP level 1. HP: 19/19 MP: 0/0
   166 | D:1      | Reached XP level 2. HP: 27/27 MP: 1/1
   732 | D:2      | Reached skill level 4 in Shields
   745 | D:2      | Found a sacrificial altar of Ru.
   875 | D:2      | Reached XP level 3. HP: 33/33 MP: 2/2
  1655 | D:3      | Reached XP level 4. HP: 32/40 MP: 3/3
  1668 | D:3      | Noticed Ijyb
  1681 | D:3      | Killed Ijyb
  1830 | D:3      | Found a shattered altar of Ashenzari.
  2075 | D:3      | Reached XP level 5. HP: 44/46 MP: 4/4
  2555 | D:4      | Noticed Blork the orc
  2568 | D:4      | Killed Blork the orc
  2568 | D:4      | Reached skill level 5 in Armour
  2568 | D:4      | Reached skill level 1 in Dodging
  2568 | D:4      | Reached skill level 5 in Shields
  2595 | D:4      | Reached XP level 6. HP: 38/53 MP: 5/5
  2597 | D:4      | Found a staircase to the Ecumenical Temple.
  2612 | Temple   | Entered the Ecumenical Temple
  3461 | D:5      | Entered Level 5 of the Dungeon
  3537 | D:5      | Found a hide-covered altar of Uskayaw.
  3561 | D:5      | Reached skill level 5 in Long Blades
  3637 | D:5      | Reached skill level 6 in Shields
  3639 | D:5      | Reached XP level 7. HP: 50/60 MP: 6/6
  4163 | D:5      | Reached skill level 7 in Shields
  4217 | D:6      | Noticed Edmund
  4217 | D:6      | Noticed Pikel
  4341 | D:5      | Killed Edmund
  4341 | D:5      | Reached skill level 5 in Fighting
  4341 | D:5      | Reached XP level 8. HP: 68/68 MP: 7/7
  4713 | D:5      | Killed Pikel
  4713 | D:5      | Reached skill level 8 in Shields
  5119 | D:6      | Found a shimmering altar of Xom.
  5119 | D:6      | Found a burning altar of Makhleb.
  5358 | D:6      | Reached skill level 9 in Shields
  5726 | D:6      | Noticed Eustachio
  5745 | D:6      | Killed Eustachio
  5745 | D:6      | Reached XP level 9. HP: 59/75 MP: 8/8
  5774 | D:6      | Found a glowing golden altar of the Shining One.
  6146 | D:7      | Noticed Joseph
  6174 | D:7      | Killed Joseph
  6174 | D:7      | Reached skill level 10 in Shields
  6417 | D:7      | Reached skill level 1 in Stealth
  6774 | D:7      | Found a stormy altar of Qazlal.
  6829 | D:7      | Found a sparkling altar of Nemelex Xobeh.
  6832 | D:7      | Found an iron altar of Okawaru.
  6835 | D:7      | Found a blossoming altar of Fedhas.
  6838 | D:7      | Found a basalt altar of Yredelemnul.
  6855 | D:7      | Became a worshipper of Warmaster Okawaru
  7230 | D:8      | Reached skill level 11 in Shields
  7519 | D:8      | Reached * piety under Okawaru
  7608 | D:8      | Reached XP level 10. HP: 37/84 MP: 9/9
  8015 | D:8      | Found an ornate altar of the Wu Jian Council.
  8246 | D:8      | Found a shimmering blue altar of Sif Muna.
  8466 | D:8      | Reached skill level 10 in Long Blades
  8636 | D:9      | Reached ** piety under Okawaru
  8805 | D:9      | Found a staircase to the Lair.
  8914 | D:9      | Noticed Psyche
  8920 | D:9      | Cast into level 1 of the Abyss (Psyche)
  8930 | Abyss:1  | Noticed a wretched star
  8944 | Abyss:1  | Killed from afar by a wretched star

Levels and vault maps discovered:
D:1:      dpeg_arrival_radiant, layout_basic
D:2:      layout_basic, old_standard_altar
D:3:      layout_basic, evilmike_ruin_ashenzari, kennysheep_generic_room_14,
          uniq_ijyb
D:4:      layout_basic, minmay_temple_entry_grid, first_ration,
          uniq_blork_the_orc
D:5:      black_bear_nest_2, layout_loops_ring, basic_altar
D:6:      layout_layer_cave, grunt_temple_overflow_champion_of_chaos,
          nicolae_tso_swordbearing_angel, uniq_edmund, uniq_pikel,
          uniq_eustachio
D:7:      layout_rooms, nicolae_qazlal_eye_of_the_storm,
          grunt_temple_overflow_cloverleaf, hangedman_decor_growths, uniq_joseph
D:8:      layout_cave_pods, lemuel_coloured_pillars_altar, lemuel_round_altar
D:9:      layout_rooms, due_lair_maze_entry_diamond, david_orc_3,
          gammafunk_ghost_necromancy, nemelex_diamond_rough_becter, uniq_psyche
Temple:   chequers_temple_sunken
Abyss:1:  base:
D:15

Skill      XL: |  1  2  3  4  5  6  7  8  9 10 |
---------------+-------------------------------+-----
Armour         | 4 5 6 7 8 |  8.1
Shields        | 4 5 6 7 9 11 | 11.9
Fighting       | 4 5 6 7 |  7.8
Long Blades    | 3 4 5 6 8 9 10 | 10.7
Dodging        | 1 2 3 |  3.4
Stealth        | 1 |  1.1

Action                   |  1- 3 |  4- 6 |  7- 9 | 10-12 || total
-------------------------+-------+-------+-------+-------++-------
Melee: Long sword        |    97 |   165 |   453 |   187 ||   902
       Headbutt          |    13 |    31 |    93 |    47 ||   184
Invok: Heroism           |       |       |     1 |       ||     1
  Use: Potion            |     3 |       |     2 |     1 ||     6
  Eat: Chunk             |     2 |     7 |    14 |     4 ||    27
Armor: Scale mail        |    38 |     6 |       |       ||    44
       Chain mail        |       |    56 |   156 |       ||   212
       Skin              |       |       |     2 |       ||     2
       Plate armour      |       |       |    31 |    57 ||    88
Dodge: Dodged            |    25 |    44 |    98 |    35 ||   202
Block: Shield            |    67 |   129 |   441 |   153 ||   790
       Reflection        |       |     8 |     3 |     2 ||    13
       Rpst.: Long sword |     6 |     9 |    32 |    12 ||    59
